 Dungeon Crawl Stone Soup version 0.28-a0-861-ge64d6db94f (webtiles) character file.

Game seed: 1953378690295098947

713 bande the Covered (level 7, -3/44 HPs)
             Began as a Gargoyle Fighter on Nov 15, 2021.
             Was an Initiate of Okawaru.
             Slain by Edmund (7 damage)
             ... on level 5 of the Dungeon.
             The game lasted 00:07:42 (5064 turns).

bande the Covered (Gargoyle Fighter)                Turns: 5064, Time: 00:07:43

Health: -3/44      AC: 13    Str: 21    XL:     7   Next: 69%
Magic:  7/8        EV:  9    Int:  8    God:    Okawaru [......]
Gold:   167        SH:  4    Dex: 10    Spells: 6/6 levels left

rFire   . . .      SeeInvis .   p - +2 hand axe (elec)
rCold   . . .      Faith    .   c - +0 buckler
rNeg    + + .      Spirit   .   b - +0 scale mail
rPois   ∞          Reflect  .   (no helmet)
rElec   +          Harm     .   n - +0 cloak
rCorr   .          Rampage  .   (no gloves)
Will    +....                   (no boots)
Stlth   ..........              (no amulet)
HPRegen 0.14/turn               k - ring of positive energy
MPRegen 0.11/turn               r - ring of willpower

@: no status effects
A: sickness immunity, AC +4, negative energy resistance 1, electricity
resistance, torment resistance 1, petrification resistance
a: Renounce Religion


You were on level 5 of the Dungeon.
You worshipped Okawaru.
Okawaru was noncommittal.
You visited 2 branches of the dungeon, and saw 6 of its levels.

You collected 167 gold pieces.

Inventory:

Hand Weapons
 a - a +0 war axe
 o - a +0 broad axe of freezing
 p - a +2 hand axe of electrocution (weapon)
Missiles
 m - a throwing net (quivered)
Armour
 b - a +0 scale mail (worn)
 c - a +0 buckler (worn)
 n - a +0 cloak (worn)
Jewellery
 e - an amulet of the acrobat
 k - a ring of positive energy (left hand)
 r - a ring of willpower (right hand)
Wands
 g - a wand of polymorph (7)
Scrolls
 q - a scroll of identify
 s - a scroll of immolation {unknown}
Potions
 d - a potion of might
 f - 2 potions of brilliance
 h - a potion of curing
 i - a potion of heal wounds
 j - 2 potions of ambrosia
 l - a potion of attraction {unknown}


   Skills:
 + Level 4.6 Fighting
 + Level 4.9 Axes
 + Level 5.2 Armour
 + Level 3.9 Shields
 * Level 1.8 Invocations
 * Level 2.5 Evocations


You had 6 spell levels left.
You didn't know any spells.
Your spell library contained the following spells:

 Spells                   Type           Power      Damage    Failure   Level
 Foxfire                  Conj/Fire      0%         2x1d4     75%         1
 Ensorcelled Hibernation  Hex/Ice        0%         N/A       86%         2
 Conjure Flame            Conj/Fire      0%         6-21      98%         3
 Inner Flame              Hex/Fire       0%         N/A       98%         3
 Ozocubu's Armour         Ice            0%         N/A       98%         3
 Flame Wave               Conj/Fire      0%         3d3       100%        4
 Metabolic Englaciation   Hex/Ice        0%         N/A       100%        5
 Tukima's Dance           Hex            Unusable   N/A       N/A         3
 Simulacrum               Ice/Necr       Unusable   N/A       N/A         6

Dungeon Overview and Level Annotations

Branches:
Dungeon (5/15)             Temple (1/1) D:4

Altars:
Ashenzari
Cheibriados
Dithmenos
Elyvilon
Fedhas
Gozag
Hepliaklqana
Kikubaaqudgha
Makhleb
Nemelex Xobeh
Okawaru
Qazlal
Ru
Sif Muna
Trog
Uskayaw
Vehumet
Wu Jian
Xom
Yredelemnul
Zin
The Shining One

Annotations:
D:5 Edmund


Innate Abilities, Weirdness & Mutations

You are immune to sickness and miasma.
Your stone body is resilient. (AC +4)
You are immune to poison.
You resist negative energy. (rN+)
You are resistant to electric shocks. (rElec)
You are resistant to unholy torment.
You are immune to petrification.


Message History

The ice beast is severely wounded.
You hit the ogre.
Edmund the Younger comes into view.
He is wielding a +8 flail of protection.
The ogre hits you with a +0 giant spiked club!!
Ouch! That really hurt!
You block the ice beast's attack.
You barely miss the ogre.
The ogre is lightly wounded.
You hit the bullfrog skeleton. You closely miss the ice beast.
The bullfrog skeleton closely misses you.
The ice beast hits you but does no damage.
You block the ogre's attack.
You slash the ogre!
The ogre is moderately wounded.
You hit the ice beast.
Lightning courses through the ice beast!
You kill the ice beast!
Okawaru accepts your kill.
You hit the bullfrog skeleton.
Lightning courses through the bullfrog skeleton!
You destroy the bullfrog skeleton!
Okawaru accepts your kill.
Your Armour skill increases to level 5!
You hit the ogre.
The ogre is heavily wounded.
The ogre hits you with a +0 giant spiked club!
* * * LOW HITPOINT WARNING * * *
You hit the ogre. Lightning courses through the ogre!
You kill the ogre!
Okawaru accepts your kill.
You hit the orc.
The orc is heavily wounded.
The orc hits you with a +1 war axe of venom.
* * * LOW HITPOINT WARNING * * *
You slash the orc!
You kill the orc!
Okawaru accepts your kill.
You hit Edmund but do no damage.
Edmund hits you with a +8 flail of protection!
You die...

........ .......
.....#$### .......
....#.#.##$......
#.......<.......
####..........##...
..................
...................
........###....#..#
......)@# #....# $#
......@.)........ #
#.......###......#
........# ......#
...#....# #..#
.#####..# ##.# #.#


You could see Edmund.

Vanquished Creatures
  Pargi (D:3)
  An ice beast (D:5)
  An ogre (D:5)
  A howler monkey (D:5)
  A centaur skeleton (D:5)
  An orc priest (D:4)
  A bullfrog skeleton (D:5)
  Jessica (D:3)
  Natasha (thrice) (D:2)
  3 gnolls (D:4)
  9 adders
  10 worms
  2 dart slugs
  10 orcs
  6 endoplasms
  2 giant cockroaches
  4 goblins
  6 hobgoblins
  6 kobolds
  4 quokkas
  5 ball pythons
  3 bats
  4 frilled lizards
  3 rats
88 creatures vanquished.

Vanquished Creatures (others)
  A withered plant (D:1)
1 creature vanquished.

Grand Total: 89 creatures vanquished

Notes
Turn   | Place    | Note
-------+----------+-------------------------------------------
     0 | D:1      | bande the Gargoyle Fighter began the quest for the Orb.
     0 | D:1      | Reached XP level 1. HP: 14/14 MP: 1/1
    25 | D:1      | Found a faded altar of an unknown god.
   505 | D:1      | Reached XP level 2. HP: 19/19 MP: 2/2
   951 | D:2      | Reached XP level 3. HP: 20/23 MP: 3/3
  1275 | D:2      | Noticed Natasha
  1282 | D:2      | Killed Natasha
  1283 | D:2      | Reached skill level 4 in Armour
  1283 | D:2      | Reached XP level 4. HP: 16/29 MP: 4/4
  1649 | D:2      | Noticed Natasha
  1657 | D:2      | Killed Natasha
  1771 | D:2      | Noticed Natasha
  1784 | D:2      | Killed Natasha
  1785 | D:2      | Reached skill level 1 in Evocations
  1785 | D:2      | Reached XP level 5. HP: 20/33 MP: 5/5
  2535 | D:3      | Noticed Jessica
  2546 | D:3      | Killed Jessica
  2689 | D:3      | Noticed Pargi
  2721 | D:3      | Killed Pargi
  2722 | D:3      | Reached XP level 6. HP: 23/38 MP: 6/6
  3155 | D:3      | Noticed a moth of wrath
  3159 | D:3      | Found a bloodstained altar of Trog.
  3605 | D:3      | Found a shimmering altar of Xom.
  4250 | D:4      | Found a staircase to the Ecumenical Temple.
  4272 | Temple   | Entered the Ecumenical Temple
  4393 | Temple   | Became a worshipper of Warmaster Okawaru
  4721 | D:4      | Reached XP level 7. HP: 44/44 MP: 7/7
  4899 | D:4      | Found an ancient bone altar of Kikubaaqudgha.
  5044 | D:5      | Entered Level 5 of the Dungeon
  5051 | D:5      | Reached skill level 1 in Invocations
  5058 | D:5      | Noticed Edmund
  5061 | D:5      | Reached skill level 5 in Armour
  5064 | D:5      | Slain by Edmund

Illustrated notes

Levels and vault maps discovered:
D:1:      dpeg_arrival_tiny_c, layout_basic, ebering_ecumenical_altar_petrified,
          minmay_misc_feat_rugged
D:2:      layout_loops_corners, uniq_natasha
D:3:      layout_basic, mainiacjoe_overflow_boulevard, tgw_trog,
          hangedman_decor_push, hex_large, uniq_pargi, uniq_jessica
D:4:      layout_loops_ring, mainiacjoe_overflow_alcove_2,
          minmay_temple_entry_glassed_door, minmay_liquid_box
D:5:      layout_cave_pools, cheibrodos_sewer_entry_drain, uniq_menkaure,
          uniq_edmund, uniq_grinder
Temple:   mainiacjoe_temple_bowtie_tessellation

Skill      XL: |  1  2  3  4  5  6  7 |
---------------+----------------------+-----
Axes           | 2 3 4 |  4.9
Armour         | 4 5 |  5.2
Evocations     | 1 2 |  2.5
Fighting       | 4 |  4.6
Invocations    | 1 |  1.8
Shields        | |  3.9

Action                   |  1- 3 |  4- 6 |  7- 9 || total
-------------------------+-------+-------+-------++-------
Melee: War axe           |    57 |   159 |       ||   216
       Hand axe          |       |    81 |    18 ||    99
  Use: Scroll            |     1 |     5 |       ||     6
       Potion            |       |     2 |       ||     2
Armor: Scale mail        |    24 |   157 |    10 ||   191
       Skin              |     4 |       |       ||     4
Dodge: Dodged            |    20 |   130 |     6 ||   156
Block: Buckler           |     9 |    48 |     4 ||    61

Table legend: (Time is in decaauts)
 A = Elapsed time spent in this place.
 B = Non-inter-level travel time spent in this place.
 C = Inter-level travel time spent in this place.
 D = Time resting spent in this place.
 E = Time spent auto-exploring this place.
 F = Levels seen in this place.
 G = Mean time per level.
                   A        B        C        D        E       F      G
               +--------+--------+--------+--------+--------+-----+--------+
         Total |   5167 |   5017 |    150 |   1361 |   2668 |   6 |  861.2 |
       Dungeon |   5035 |   4894 |    141 |   1361 |   2559 |   5 | 1007.0 |
        Temple |    131 |    122 |      9 |      0 |    109 |   1 |  131.0 |
               +--------+--------+--------+--------+--------+-----+--------+

Top non-repeatable levels by time:
     D:2: 1737 daAuts
     D:3: 1725 daAuts
     D:1: 827 daAuts
     D:4: 724 daAuts
  Temple: 131 daAuts
     D:5: 21 daAuts
